 Dungeon Crawl Stone Soup version 0.31-a0-174-g85c54bcb58 (webtiles) character file.

Game seed: 427523921117930732

565 qw the Skirmisher (level 7, -11/43 HPs)
             Began as a Gargoyle Hunter on June 15, 2023.
             Blown up by a centaur (18 damage)
             ... with a mindburst bolt
             ... on level 5 of the Dungeon.
             The game lasted 00:01:26 (3406 turns).

qw the Skirmisher (Gargoyle Hunter)                 Turns: 3406, Time: 00:01:26

Health: -11/43     AC: 10    Str: 15    XL:     7   Next: 32%
Magic:  6/6        EV: 11    Int:  9    God:
Gold:   131        SH:  0    Dex: 15    Spells: 6/6 levels left

rFire   . . .        Y - +1 shortbow
rCold   + . .        (shield currently unavailable)
rNeg    + . .        h - +0 ring mail
rPois   inf          (no helmet)
rElec   +            (no cloak)
rCorr   .            (no gloves)
SInv    .            (no boots)
Will    .....        (no amulet)
Stlth   +            f - ring of protection from cold
HPRegen 0.27/turn    (no ring)
MPRegen 0.10/turn

%: no passive effects
@: about to teleport, marked
A: sickness immunity, AC +4, negative energy resistance 1, electricity
resistance, torment resistance 1, petrification resistance, low MP 1, MP-powered
wands
a: no special abilities


You were on level 5 of the Dungeon.
You visited 1 branch of the dungeon, and saw 5 of its levels.

You collected 252 gold pieces.
You spent 121 gold pieces at shops.


Innate Abilities, Weirdness & Mutations

You are immune to sickness and miasma.
Your stone body is resilient. (AC +4)
You are immune to poison.
You resist negative energy. (rN+)
You are resistant to electric shocks. (rElec)
You are resistant to unholy torment.
You are immune to petrification.
Your magical capacity is low. (-10% MP)
You expend magic power (3 MP) to strengthen your wands.


   Skills:
 + Level 4.0 Fighting
 - Level 8.0 Ranged Weapons
 - Level 1.0 Armour
 - Level 1.5 Dodging
 - Level 1.1 Stealth


You had 6 spell levels left.
You didn't know any spells.
Your spell library was empty.

Inventory:

Hand Weapons
 Y - a +1 shortbow (weapon)
Armour
 e - a +2 ring mail of willpower
 h - a +0 ring mail (worn)
Jewellery
 f - a ring of protection from cold (left hand)
Scrolls
 a - 2 scrolls of identify
 c - 2 scrolls of teleportation
Potions
 b - a potion of haste
 d - a potion of magic
 i - 2 potions of might
 j - 3 potions of mutation
 k - a potion of resistance

Dungeon Overview and Level Annotations

Branches:
Dungeon (5/15)
 Temple: D:4-7

Altars:

Shops:
D:1 :   D:3 *

Annotations:
D:4 3 runed translucent doors, qw's ghost, amateur NaHu


Message History

Found a spear.
A hound comes into view.
You shoot an arrow. The arrow closely misses the hound.
The hound barks!
You shoot an arrow. The arrow hits the hound.
The hound is lightly wounded.
You shoot an arrow. The arrow hits the hound.
The hound is lightly wounded.
A quokka comes into view.
A centaur comes into view. It is carrying a wand of mindburst (9).
The hound sets off the alarm!
The alarm trap emits a blaring wail!
A sentinel's mark forms upon you.
The centaur shouts!
You hear a shout! x7; You hear an angry hiss.
You hear a bark!
You hear a shout!
You shoot an arrow. The arrow hits the hound.
The hound is moderately wounded.
You hear a shout!
You hear a bark!
You shoot an arrow. The arrow hits the hound.
The hound is heavily wounded.
The hound bites you but does no damage. The hound closely misses you.
You shoot an arrow. The arrow hits the hound!
The hound is almost dead.
The centaur wields a +0 orcbow.
The centaur shoots an arrow.
The arrow closely misses you. The hound misses you.
The centaur zaps a wand.
Your mind is blasted!
The hound bites you but does no damage.
You shoot an arrow. The arrow barely misses the hound.
The arrow hits the quokka but does no damage.
The hound bites you.
The centaur zaps a wand.
Your mind is blasted!
You shoot an arrow. The arrow hits the hound!
You kill the hound!
The centaur shoots an arrow.
The arrow hits you.
The centaur zaps a wand.
Your mind is blasted!
The quokka bites you but does no damage.
Your Ranged Weapons skill increases to level 8!
3406 ||| READING 3 scrolls of teleportation.
As you read the scroll of teleportation, it crumbles to dust.
You feel strangely unstable.
The centaur zaps a wand.
Your mind is blasted!
You die...

######## #.....<.
#....... #####.......
#...........
##########.###.####.#
#...........##.####.#
###...........##.#....#
#.../.@.......##.#....#
#....r......?.##......#
#....c........####...##
#).................###
.....#######........#
..... #........## ....
#........<### ....
............
#.###.######


You could see a centaur and a quokka.

Vanquished Creatures
  Eustachio (D:3)
  A centaur (D:4)
  A scorpion (D:3)
  2 hounds
  3 orc wizards (D:4)
  6 adders
  A white imp (D:4)
  A worm (D:2)
  2 dart slugs
  5 orcs (D:4)
  7 ball pythons
  7 bats
  8 endoplasms
  7 giant cockroaches
  8 goblins
  3 hobgoblins
  3 jackals (D:1)
  6 quokkas
  3 frilled lizards
  3 kobolds
  9 rats
87 creatures vanquished.

Notes
Turn   | Place    | Note
-------+----------+-------------------------------------------
     0 | D:1      | qw the Gargoyle Hunter began the quest for the Orb.
     0 | D:1      | Reached XP level 1. HP: 12/12 MP: 1/1
     0 | D:1      | 0 ||| qw: Version: 0.2-a-29-g511e9b1
     0 | D:1      | 0 ||| qw: Game counter: 5292
     0 | D:1      | 0 ||| qw: Always use a shield: true
     0 | D:1      | 0 ||| qw: God list: Okawaru
     0 | D:1      | 0 ||| qw: Allow faded altars: false
     0 | D:1      | 0 ||| qw: Do Orc after D:15 true
     0 | D:1      | 0 ||| qw: Do second Lair branch before Depths: true
     0 | D:1      | 0 ||| qw: Lair rune preference: random
     0 | D:1      | 0 ||| qw: Plans: Normal, Zot:1-4, Slime:5, God:TSO, Crypt,
                  | Tomb, Abyss, Pan, Hells, Win
     0 | D:1      | 0 ||| PLANNING D:1-11
   118 | D:1      | Found Waufreun's Book Shoppe.
   126 | D:1      | Reached XP level 2. HP: 13/17 MP: 2/2
   380 | D:1      | Reached XP level 3. HP: 21/21 MP: 3/3
   410 | D:1      | Reached skill level 5 in Ranged Weapons
   778 | D:1      | 778 ||| UPGRADING to +0 ring mail.
   788 | D:1      | 788 ||| DROPPING +0 leather armour.
   789 | D:1      | 789 ||| READING scroll labelled IGIUNW CEBOI.
   790 | D:1      | 790 ||| READING scroll labelled JASAUCSUWER.
   791 | D:1      | 791 ||| DRINKING 2 lumpy dark potions.
   792 | D:1      | 792 ||| DROPPING scroll of butterflies.
   890 | D:2      | Reached skill level 1 in Armour
  1802 | D:2      | Reached skill level 3 in Fighting
  1802 | D:2      | Reached XP level 4. HP: 28/28 MP: 4/4
  1843 | D:2      | 1843 ||| READING 2 scrolls labelled QYUGGOEPUACK.
  1844 | D:2      | 1844 ||| READING 2 scrolls labelled KODGHE GEQU.
  1849 | D:2      | 1849 ||| READING scroll labelled SAPUACLODOG.
  1850 | D:2      | 1850 ||| DRINKING 2 red potions.
  1856 | D:3      | 1856 ||| STAIRDANCE
  1982 | D:3      | Found Fipn's Assorted Antiques.
  2001 | D:3      | 2001 ||| BUYING 2 emerald potions (46 gold).
  2001 | D:3      | Bought 2 emerald potions for 46 gold pieces
  2001 | D:3      | 2001 ||| BUYING coppery potion (23 gold).
  2001 | D:3      | Bought a coppery potion for 23 gold pieces
  2001 | D:3      | 2001 ||| SHOPLISTING heavily runed leather armour (182
                  | gold, have 88).
  2001 | D:3      | 2001 ||| BUYING scroll labelled BAMAGE SILOFOU (26 gold).
  2001 | D:3      | Bought a scroll labelled BAMAGE SILOFOU for 26 gold pieces
  2001 | D:3      | 2001 ||| BUYING scroll labelled QOSUAL AM WOI (26 gold).
  2001 | D:3      | Bought a scroll labelled QOSUAL AM WOI for 26 gold pieces
  2001 | D:3      | 2001 ||| SHOPLISTING thick fluorescent amulet (130 gold,
                  | have 36).
  2292 | D:3      | Reached XP level 5. HP: 23/32 MP: 5/5
  2422 | D:3      | 2422 ||| UPGRADING to ring of protection from cold.
  2423 | D:3      | 2423 ||| READING scroll labelled BAMAGE SILOFOU.
  2424 | D:3      | 2424 ||| READING scroll labelled QOSUAL AM WOI.
  2425 | D:3      | 2425 ||| DRINKING 3 emerald potions.
  2425 | D:3      | Gained mutation: Your magical capacity is low. (-10% MP)
                  | [potion of mutation]
  2425 | D:3      | Gained mutation: You expend magic power (3 MP) to
                  | strengthen your wands. [potion of mutation]
  2426 | D:3      | 2426 ||| READING 2 scrolls of identify.
  2426 | D:3      | 2426 ||| IDENTIFYING lumpy blue potion
  2427 | D:3      | 2427 ||| DROPPING potion of invisibility.
  2452 | D:4      | Noticed Eustachio
  2462 | D:4      | 2462 ||| STAIRDANCE
  2467 | D:3      | Killed Eustachio
  2468 | D:3      | Reached skill level 6 in Ranged Weapons
  2468 | D:3      | Reached XP level 6. HP: 24/37 MP: 5/5
  2553 | D:4      | Found a runed translucent gate.
  2553 | D:4      | Found a runed translucent gate.
  2553 | D:4      | Found a runed translucent gate.
  2555 | D:4      | Noticed an orc warrior
  2556 | D:4      | Noticed qw's ghost (amateur NaHu)
  2609 | D:4      | Reached skill level 7 in Ranged Weapons
  2994 | D:4      | 2994 ||| READING scroll labelled ITTIZXU TUBONE.
  2995 | D:4      | 2995 ||| DRINKING 2 viscous dark potions.
  2996 | D:4      | 2996 ||| READING 5 scrolls of identify.
  2996 | D:4      | 2996 ||| IDENTIFYING grey potion
  2997 | D:4      | 2997 ||| READING 4 scrolls of identify.
  2997 | D:4      | 2997 ||| IDENTIFYING brown potion
  2998 | D:4      | 2998 ||| READING 3 scrolls of identify.
  2998 | D:4      | 2998 ||| IDENTIFYING coppery potion
  2999 | D:4      | 2999 ||| DROPPING potion of degeneration.
  3006 | D:5      | Entered Level 5 of the Dungeon
  3011 | D:5      | 3011 ||| STAIRDANCE
  3051 | D:5      | 3051 ||| STAIRDANCE
  3138 | D:5      | 3138 ||| STAIRDANCE
  3230 | D:5      | 3230 ||| STAIRDANCE
  3240 | D:4      | HP: 8/38 [white imp (2)]
  3241 | D:4      | 3241 ||| DRINKING potion of heal wounds.
  3247 | D:4      | Reached XP level 7. HP: 28/43 MP: 6/6
  3305 | D:5      | 3305 ||| STAIRDANCE
  3405 | D:5      | HP: 10/43 [centaur/arrow (3)]
  3406 | D:5      | Reached skill level 8 in Ranged Weapons
  3406 | D:5      | 3406 ||| READING 3 scrolls of teleportation.
  3406 | D:5      | Blown up by a centaur

Levels and vault maps discovered:
D:1:      dpeg_arrival_three_bigger_balls, layout_loops_cross, serial_shops,
          nicolae_shop_advertising_works [nicolae_subvault_shop_adworks]
D:2:      layout_basic
D:3:      minmay_wonky_spiral, layout_basic, serial_shops, shop
D:4:      layout_rooms, gammafunk_ghost_split, nicolae_titane, uniq_eustachio
D:5:      minmay_inner_zag, layout_basic, mainiacjoe_overflow_tiny_flanked,
          uniq_edmund, uniq_grinder

Skill      XL: |  1  2  3  4  5  6  7 |
---------------+----------------------+-----
Ranged Weapons | 5 6 7 8 |  8.0
Armour         | 1 |  1.0
Fighting       | 3 4 |  4.0
Dodging        | |  1.5
Stealth        | |  1.1

Action                     |  1- 3 |  4- 6 |  7- 9 || total
---------------------------+-------+-------+-------++-------
   Fire: Shortbow          |   123 |   173 |    18 ||   314
    Use: Scroll            |     2 |    10 |     1 ||    13
         Potion            |     1 |     4 |       ||     5
 Armour: Leather armour    |    18 |       |       ||    18
         Ring mail         |     8 |    77 |    19 ||   104
  Dodge: Dodged            |    31 |    90 |    16 ||   137

Table legend:
 A = Non-vault XP
 B = Vault XP
 C = Vault XP percentage of total XP
 D = Non-vault monster count
 E = Vault monster count
 F = Vault count percentage of total count
                 A         B        C        D         E       F
            +---------+---------+-------+---------+---------+-------
      Total |     601 |     207 |  25.6 |      84 |       3 |   3.4
            +---------+---------+-------+---------+---------+-------
        D:1 |      57 |       0 |   0.0 |      32 |       0 |   0.0
        D:2 |      43 |       0 |   0.0 |      11 |       0 |   0.0
        D:3 |     188 |     207 |  52.4 |      19 |       3 |  13.6
        D:4 |     268 |       0 |   0.0 |      21 |       0 |   0.0
        D:5 |      45 |       0 |   0.0 |       1 |       0 |   0.0
            +---------+---------+-------+---------+---------+-------
